 Dungeon Sprint DCSS version 0.31-a0-986-g5e6e4ef867 (webtiles) character file.

Game seed: 4239497032609719764

1586 rocky1 the Grappler (level 8, 0/67 HPs)
             Began as a Green Draconian Shapeshifter on Nov 9, 2023.
             Was an Initiate of Gozag.
             Slain by a flayed ghost (11 damage)
             ... in the Dungeon (Sprint VII: "The Pits").
             The game lasted 00:02:59 (1186 turns).

rocky1 the Grappler (Green Draconian Shapeshifter)  Turns: 1186, Time: 00:02:59

Health: 0/67       AC:  6    Str: 16    XL:     8   Next: 61%
Magic:  8/8        EV: 14    Int: 15    God:    Gozag
Gold:   1026       SH:  0    Dex: 15    Spells: 7/7 levels left

rFire   . .          .
                       - Unarmed
rCold   . . .        (no shield)
rNeg    . . .        (body armour unavailable)
rPois   +            (helmet currently unavailable)
rElec   .            (cloak currently unavailable)
rCorr   .            (gloves currently unavailable)
SInv    .            (boots currently unavailable)
Will    .....        (no amulet)
Stlth   ++           a - +3 ring of intelligence
HPRegen 0.31/turn    n - +3 ring of dexterity
MPRegen 0.11/turn

%: no teleportation
@: short of breath, beast-form, flayed
A: beast (slay +4), breathe noxious fumes, AC +6, unfitting armour, poison
resistance, cold-blooded
a: Breathe Noxious Fumes, Begin Untransformation, Renounce Religion, Potion
Petition, Call Merchant, Bribe Branch


You were in the Dungeon.
You worshipped Gozag.
Gozag was most pleased with you.
You were a hulking beast.
You visited 1 branch You collected 1566 gold pieces.
You spent 132 gold pieces at shops.
You paid 408 gold pieces to Gozag.

Inventory:

Armour
 q - a +0 pair of boots
 r - a +0 cloak
Jewellery
 a - a +3 ring of intelligence (left hand)
 n - a +3 ring of dexterity (right hand)
Talismans
 b - a beast talisman
 c - a flux talisman
Scrolls
 i - a scroll of blinking
 k - 2 scrolls of vulnerability
 l - 5 scrolls of amnesia
 m - a scroll of butterflies
Potions
 d - 11 potions of curing
 e - 6 potions of heal wounds
 f - a potion of haste
 g - 4 potions of magic
 h - 5 potions of berserk rage
 j - 2 potions of invisibility
 o - a potion of might
 p - a potion of mutation


   Skills:
 + Level 4.8 Fighting
 + Level 6.0 Dodging
 + Level 1.4 Stealth
 + Level 14.5 Unarmed Combat
 + Level 10.0 Shapeshifting


You had 7 spell levels left.
You didn't know any spells.
Your spell library was empty.

Dungeon Overview and Level Annotations

Branches:
Dungeon (1/1)

Altars:
Ashenzari
Cheibriados
Dithmenos
Elyvilon
Fedhas
Gozag
Hepliaklqana
Kikubaaqudgha
Makhleb
Nemelex Xobeh
Okawaru
Qazlal
Ru
Sif Muna
Trog
Uskayaw
Vehumet
Wu Jian
Xom
Yredelemnul
Zin
The Shining One
Jiyva
Lugonu

Shops:
D !


Innate Abilities, Weirdness & Mutations

You are a hulking beast.
Your limbs bulge with bestial killing power. (Slay +4)
You can breathe blasts of noxious fumes.
Your lurid green scales are hard. (AC +6)
You cannot fit into any form of body armour.
Your system is resistant to poisons. (rPois)
You are cold-blooded and may be slowed by cold attacks.


Message History

You open the huge gate.
A flayed ghost and a boulder beetle come into view.
Aiming: Breathe Noxious Fumes (4% risk of failure)
Press: ? - help, Shift-Dir - straight line, f - boulder beetle
Aim: a boulder beetle (100% to hit)
You exhale a blast of noxious fumes.
The blast of choking fumes hits the boulder beetle but does no damage.
The boulder beetle is engulfed in noxious fumes.
The boulder beetle appears confused.
The boulder beetle is engulfed in noxious fumes.
The boulder beetle appears confused.
You punch the flayed ghost!
Your tail-slap misses the flayed ghost.
The flayed ghost is moderately damaged.
You closely miss the flayed ghost.
The flayed ghost is moderately damaged.
The flayed ghost barely misses you.
You hit the flayed ghost.
The flayed ghost is moderately damaged.
The flayed ghost hits you!
The boulder beetle is engulfed in noxious fumes.
You hit the flayed ghost.
The flayed ghost is moderately damaged.
The flayed ghost cries, "Suffer as I suffered!"
Terrible wounds open up all over your body!
You punch the flayed ghost!
The flayed ghost is heavily damaged.
You pummel the flayed ghost!!
The flayed ghost is almost destroyed.
The boulder beetle seems less confused.
The flayed ghost hits you!!
You hit the flayed ghost. You tail-slap the flayed ghost.
The flayed ghost is almost destroyed.
The flayed ghost hits you!
* * * LOW HITPOINT WARNING * * *
You hit the flayed ghost.
The flayed ghost is almost destroyed.
You closely miss the flayed ghost.
The flayed ghost is almost destroyed.
The boulder beetle misses you. The flayed ghost hits you!
You die...
Your body crumbles into a pile of gold.

__.# __.#
...###########++######
##'##................#
)'.##......#..#......#
##.##................+
....'................+
#####...∩..#..#......#
#..##..........Bh....#
'..#####'#####'W######
#+###.......##''#
...##.......##...
...##.......##..W
#####...<...##....
)[.##.......##...#
)[.##.......##..##
#####.......#


You could see a boulder beetle and a flayed ghost.

Vanquished Creatures
  An orc knight (D)
  An ice devil (D)
  Prince Ribbit (D)
  A wraith (D)
  A fire bat (D)
  A sky beast (D)
  An orc warrior (D)
  A scorpion (D)
  A crimson imp (D)
  An orc priest (D)
  2 iron imps (D)
  An orc wizard (D)
  A gnoll (D)
  A white imp (D)
  2 ufetubi (D)
  An adder skeleton (D)
  4 orcs (D)
  A bat zombie (D)
  An endoplasm (D)
  A giant cockroach (D)
  A quokka (D)
  A frilled lizard (D)
  A goblin (D)
  A kobold (D)
  A quokka zombie (D)
  A rat (D)
31 creatures vanquished.

Notes
Turn   | Place    | Note
-------+----------+-------------------------------------------
     0 | D        | rocky1 the Draconian Shapeshifter began the quest for the
                  | Orb.
     0 | D        | Reached XP level 1. HP: 16/16 MP: 1/1
    19 | D        | Found a bloodstained altar of Trog.
    19 | D        | Found a shimmering blue altar of Sif Muna.
    19 | D        | Found a viscous altar of Jiyva.
    19 | D        | Found a hazy altar of Hepliaklqana.
    19 | D        | Found an opulent altar of Gozag.
    20 | D        | Found a glowing golden altar of the Shining One.
    20 | D        | Found a glowing silver altar of Zin.
    20 | D        | Found a basalt altar of Yredelemnul.
    20 | D        | Found a shimmering altar of Xom.
    20 | D        | Found an ornate altar of the Wu Jian Council.
    20 | D        | Found a sacrificial altar of Ru.
    20 | D        | Found a stormy altar of Qazlal.
    20 | D        | Found an iron altar of Okawaru.
    20 | D        | Found a sparkling altar of Nemelex Xobeh.
    20 | D        | Found a burning altar of Makhleb.
    20 | D        | Found a blossoming altar of Fedhas.
    20 | D        | Found a white marble altar of Elyvilon.
    20 | D        | Found a shadowy altar of Dithmenos.
    20 | D        | Found a snail-covered altar of Cheibriados.
    24 | D        | Found a corrupted altar of Lugonu.
    24 | D        | Found a radiant altar of Vehumet.
    25 | D        | Found a broken altar of Ashenzari.
    25 | D        | Found an ancient bone altar of Kikubaaqudgha.
    25 | D        | Found a hide-covered altar of Uskayaw.
    27 | D        | Became a worshipper of Gozag Ym Sagoz the Greedy
    73 | D        | Reached XP level 2. HP: 8/23 MP: 2/2
   141 | D        | Reached skill level 4 in Unarmed Combat
   303 | D        | Noticed a scorpion
   308 | D        | Killed a scorpion
   309 | D        | Reached skill level 6 in Unarmed Combat
   309 | D        | Reached skill level 5 in Shapeshifting
   309 | D        | Reached XP level 3. HP: 20/29 MP: 3/3
   309 | D        | Reached XP level 4. HP: 25/36 MP: 4/4
   450 | D        | Noticed a fire bat
   465 | D        | Killed a fire bat
   466 | D        | Reached skill level 8 in Unarmed Combat
   466 | D        | Reached XP level 5. HP: 39/42 MP: 5/5
   600 | D        | Noticed Prince Ribbit
   610 | D        | Killed Prince Ribbit
   611 | D        | Reached skill level 10 in Unarmed Combat
   611 | D        | Reached XP level 6. HP: 51/51 MP: 6/6
   721 | D        | Noticed a wraith
   726 | D        | Killed a wraith
   727 | D        | Reached skill level 5 in Dodging
   727 | D        | Reached skill level 1 in Stealth
   727 | D        | Reached skill level 11 in Unarmed Combat
   727 | D        | Your scales start taking on a lurid green colour.
   727 | D        | Reached XP level 7. HP: 49/58 MP: 7/7
   727 | D        | Gained mutation: Your system is resistant to poisons.
                  | (rPois) [Green Draconian growth]
   768 | D        | Reached skill level 12 in Unarmed Combat
   814 | D        | Noticed an ice devil
   814 | D        | Noticed an orc knight
   831 | D        | Killed an ice devil
   832 | D        | Reached skill level 13 in Unarmed Combat
   832 | D        | Reached XP level 8. HP: 67/67 MP: 8/8
   839 | D        | Killed an orc knight
   840 | D        | Reached skill level 14 in Unarmed Combat
   840 | D        | Reached skill level 10 in Shapeshifting
  1166 | D        | Bought a potion of curing for 36 gold pieces
  1166 | D        | Bought a potion of curing for 36 gold pieces
  1166 | D        | Bought a potion of heal wounds for 60 gold pieces
  1174 | D        | Noticed a flayed ghost
  1174 | D        | Noticed a boulder beetle
  1186 | D        | Slain by a flayed ghost

Illustrated notes

Levels and vault maps discovered:
D:        pitsprint [storerooms_1, entrance_room_1, metal_vault_4, armoury_3,
          mini_pit_1, grid_room_1, main_hall_1, silver_pit, the_coven_3,
          the_vestibule_1, steel_vault_4, golden_pit, hallway_of_sentries,
          crystal_vault_2, iron_vault_2, final_vault]

Skill      XL: |  1  2  3  4  5  6  7  8 |
---------------+-------------------------+-----
Dodging        | 2 3 4 5 6 |  6.0
Shapeshifting  | 4 5 7 8 9 10 | 10.0
Unarmed Combat | 6 8 10 11 13 14 | 14.5
Fighting       | 2 3 4 |  4.8
Stealth        | 1 |  1.4

Action                     |  1- 3 |  4- 6 |  7- 9 || total
---------------------------+-------+-------+-------++-------
  Melee: Unarmed           |    25 |    31 |    44 ||   100
         Punch             |     1 |     2 |     4 ||     7
         Tailslap          |     1 |     3 |     2 ||     6
 Invoke: Call Merchant     |       |       |     1 ||     1
Ability: Breathe Noxious F |       |       |     2 ||     2
    Use: Potion            |     1 |     1 |     2 ||     4
 Armour: Skin              |    12 |     7 |    19 ||    38
  Dodge: Dodged            |    11 |    15 |     5 ||    31

Table legend: (Time is in decaauts)
 A = Elapsed time spent in this place.
 B = Non-inter-level travel time spent in this place.
 C = Inter-level travel time spent in this place.
 D = Time resting spent in this place.
 E = Time spent auto-exploring this place.
 F = Levels seen in this place.
 G = Mean time per level.
                   A        B        C        D        E       F      G
               +--------+--------+--------+--------+--------+-----+--------+
         Total |   1167 |   1108 |     59 |    785 |      0 |   1 | 1167.0 |
       Dungeon |   1167 |   1108 |     59 |    785 |      0 |   1 | 1167.0 |
               +--------+--------+--------+--------+--------+-----+--------+

Top non-repeatable levels by time:
       D: 1167 daAuts
